 Dungeon Sprint DCSS version 0.29-a0-789-g7a8fcbc185 (webtiles) character file.

Game seed: 5038325013603799335

1040 mhtbhm the Unseen (level 8, 0/36 HPs)
             Began as a Spriggan Enchanter on July 2, 2022.
             Was an Initiate of Gozag.
             Slain by a komodo dragon (30 damage)
             ... in the Dungeon (Sprint IX: "|||||||||||||||||||||||||||||").
             The game lasted 00:02:08 (716 turns).

mhtbhm the Unseen (Spriggan Enchanter)               Turns: 716, Time: 00:02:10

Health: 0/36       AC:  3    Str:  4    XL:     8   Next: 4%
Magic:  9/21       EV: 23    Int: 19    God:    Gozag
Gold:   351        SH:  0    Dex: 18    Spells: 12/23 levels left

rFire   . . .      SeeInvis +   a - +2 rapier (venom)
rCold   . . .      Faith    .   (no shield)
rNeg    . . .      Spirit   .   b - +0 robe
rPois   .          Reflect  .   (helmet restricted)
rElec   .          Harm     .   m - +0 cloak
rCorr   .          Rampage  .   (gloves unavailable)
Will    +....      NoTele   +   (boots unavailable)
Stlth   +++++++...              (no amulet)
HPRegen 0.12/turn               k - +3 ring of intelligence
MPRegen 0.17/turn               l - +2 ring of evasion

@: very quick
A: very small, no large weapons, unfitting armour, see invisible, speed 3
a: Renounce Religion, Potion Petition, Call Merchant, Bribe Branch


You were in the Dungeon.
You worshipped Gozag.
Gozag was aware of your devotion.
You visited 1 branch You collected 351 gold pieces.

Inventory:

Hand Weapons
 a - a +2 rapier of venom (weapon)
Armour
 b - a +0 robe (worn)
 m - a +0 cloak (worn)
Jewellery
 k - a +3 ring of intelligence (left hand)
 l - a +2 ring of evasion (right hand)
Wands
 j - a wand of acid (10)
Scrolls
 h - 2 scrolls of amnesia
 i - 2 scrolls of blinking
Potions
 c - 2 potions of invisibility
 d - 5 potions of curing
 e - 2 potions of heal wounds
 f - a potion of haste
 g - 4 potions of magic


   Skills:
 + Level 6.2 Short Blades
 + Level 6.2 Dodging
 + Level 17.6 Stealth
 + Level 8.4 Spellcasting
 + Level 11.4 Hexes
 + Level 1.2 Ice Magic


You had 12 spell levels left.
You knew the following spells:

 Your Spells              Type           Power      Damage    Failure   Level
a - Ensorcelled Hibernat  Hex/Ice        64%        N/A       1%          2
b - Confusing Touch       Hex            51%        N/A       1%          3
c - Tukima's Dance        Hex            51%        N/A       1%          3
d - Dazzling Flash        Conj/Hex       58%        N/A       2%          3

Your spell library contained the following spells:

 Spells                   Type           Power      Damage    Failure   Level


Dungeon Overview and Level Annotations

Branches:
Dungeon (1/1)

Altars:
Cheibriados
Dithmenos
Elyvilon
Fedhas
Gozag
Hepliaklqana
Kikubaaqudgha
Makhleb
Nemelex Xobeh
Okawaru
Qazlal
Ru
Sif Muna
Trog
Uskayaw
Vehumet
Wu Jian
Xom
Yredelemnul
Zin
The Shining One
Jiyva
Lugonu


Innate Abilities, Weirdness & Mutations

You are very small and have problems with some larger weapons.
You are too small for most types of armour.
You have supernaturally acute eyesight. (SInv)
You cover ground extremely quickly. (Speed+++)


Message History

Unknown command.
You now have 108 gold pieces.
Things that are here:
a +0 giant club; an ogre skeleton
There is an open door here.
You see here a +0 dagger.
You see here an iguana skeleton.
There is an open door to the Temple here.
There is a roughly hewn altar of Beogh here.
There is a snail-covered altar of Cheibriados here.
There is a shadowy altar of Dithmenos here.
There is a white marble altar of Elyvilon here.
You now have 351 gold pieces (gained 243).
There is a blossoming altar of Fedhas, spattered with blood here.
Items here: ))) [.
There is an opulent altar of Gozag here.
There is a hazy altar of Hepliaklqana here.
There is a viscous altar of Jiyva here.
There is an ancient bone altar of Kikubaaqudgha here.
A komodo dragon is nearby!
There is a corrupted altar of Lugonu here.
There is a burning altar of Makhleb here.
There is a sparkling altar of Nemelex Xobeh here.
There is an iron altar of Okawaru here.
There is a stormy altar of Qazlal here.
There is a sacrificial altar of Ru here.
The komodo dragon hisses angrily.
You hit the komodo dragon.
The komodo dragon is poisoned.
The komodo dragon is lightly wounded.
The komodo dragon bites you.
Casting: Ensorcelled Hibernation (safe; 1% risk of failure)
Confirm with . or Enter, or press ? or * to list all spells.
Aiming: Ensorcelled Hibernation (safe; 1% risk of failure)
Press: ? - help, Shift-Dir - straight line, f - komodo dragon
Aim: a komodo dragon (lightly wounded, very poisoned, chance to affect: 44%)
The komodo dragon resists with some effort.
The komodo dragon bites you!!
Ouch! That really hurt!
You die...
Your body crumbles into a pile of gold.

$
▓_▓
$
▓_▓
$
▓_▓
$
▓_▓
▓_▓
$
▓_▓
$
▓_▓
$
▓_▓
$
▓@▓
$
▓l▓
$
▓_▓
$
▓_▓
$
▓_▓
$
▓_▓
$
▓_▓
$
▓_▓
$
▓_▓


You could see a komodo dragon (very poisoned).

Vanquished Creatures
  A two-headed ogre (D)
  A troll (D)
  An ogre (D)
  A centaur (D)
  An orc wizard (D)
  2 iguanas (D)
  An adder (D)
  An orc (D)
  2 endoplasms (D)
  A giant cockroach (D)
  A goblin (D)
  A hobgoblin (D)
14 creatures vanquished.

Notes
Turn   | Place    | Note
-------+----------+-------------------------------------------
     0 | D        | mhtbhm the Spriggan Enchanter began the quest for the Orb.
     0 | D        | Reached XP level 1. HP: 9/9 MP: 5/5
     8 | D        | Reached skill level 5 in Stealth
   310 | D        | Noticed an ogre
   310 | D        | Noticed an iguana
   310 | D        | Noticed an iguana
   317 | D        | Killed an ogre
   318 | D        | Reached skill level 9 in Stealth
   318 | D        | Reached XP level 2. HP: 4/13 MP: 5/8
   318 | D        | Reached XP level 3. HP: 6/16 MP: 6/10
   318 | D        | Reached XP level 4. HP: 8/21 MP: 6/11
   334 | D        | Reached skill level 5 in Spellcasting
   336 | D        | Reached skill level 10 in Stealth
   337 | D        | Reached XP level 5. HP: 14/24 MP: 7/13
   341 | D        | Found a snail-covered altar of Cheibriados.
   341 | D        | Found a shadowy altar of Dithmenos.
   341 | D        | Found a white marble altar of Elyvilon.
   341 | D        | Found a blossoming altar of Fedhas.
   341 | D        | Found an opulent altar of Gozag.
   342 | D        | Found a hazy altar of Hepliaklqana.
   343 | D        | Found a viscous altar of Jiyva.
   344 | D        | Found an ancient bone altar of Kikubaaqudgha.
   345 | D        | Found a corrupted altar of Lugonu.
   346 | D        | Found a burning altar of Makhleb.
   347 | D        | Found a sparkling altar of Nemelex Xobeh.
   348 | D        | Found an iron altar of Okawaru.
   353 | D        | Became a worshipper of Gozag Ym Sagoz the Greedy
   354 | D        | Found a stormy altar of Qazlal.
   355 | D        | Found a sacrificial altar of Ru.
   356 | D        | Found a shimmering blue altar of Sif Muna.
   357 | D        | Found a bloodstained altar of Trog.
   358 | D        | Found a hide-covered altar of Uskayaw.
   359 | D        | Found a radiant altar of Vehumet.
   360 | D        | Found an ornate altar of the Wu Jian Council.
   361 | D        | Found a shimmering altar of Xom.
   362 | D        | Found a basalt altar of Yredelemnul.
   363 | D        | Found a glowing silver altar of Zin.
   364 | D        | Found a glowing golden altar of the Shining One.
   521 | D        | Noticed a centaur
   521 | D        | Noticed a two-headed ogre
   521 | D        | Noticed a troll
   521 | D        | Noticed a komodo dragon
   523 | D        | Killed a centaur
   524 | D        | Reached skill level 5 in Dodging
   524 | D        | Reached skill level 12 in Stealth
   578 | D        | Learned a level 2 spell: Ensorcelled Hibernation
   582 | D        | Learned a level 3 spell: Confusing Touch
   586 | D        | Learned a level 3 spell: Tukima's Dance
   590 | D        | Learned a level 3 spell: Dazzling Flash
   617 | D        | Killed a two-headed ogre
   618 | D        | Reached skill level 5 in Short Blades
   618 | D        | Reached skill level 17 in Stealth
   618 | D        | Reached XP level 6. HP: 28/28 MP: 9/18
   618 | D        | Reached XP level 7. HP: 32/32 MP: 9/19
   644 | D        | Killed a troll
   645 | D        | Reached skill level 1 in Ice Magic
   645 | D        | Reached XP level 8. HP: 36/36 MP: 0/21
   716 | D        | Slain by a komodo dragon

Illustrated notes

Levels and vault maps discovered:
D:        linesprint [early_d, line_temple, items_1, d_10, items_2, lair_1,
          lair_end, items_3, orc_1, orc_end, items_4, d_15, swamp_1, shoals_1,
          snake_1, spider_1, d_20, vaults_1, items_5, swamp_end, shoals_end,
          snake_end, spider_end, vaults_end, d_27, items_6, zot_1, zot_end,
          crypt_end, forest_end, elf_end, slime_end, tomb_end, abyss_end,
          pan_hell_end]

Skill      XL: |  1  2  3  4  5  6  7 |
---------------+----------------------+-----
Hexes          | 7 11 | 11.4
Stealth        | 9 10 17 | 17.6
Spellcasting   | 4 5 8 |  8.4
Dodging        | 4 6 |  6.2
Short Blades   | 2 3 5 6 |  6.2
Ice Magic      | 1 |  1.2

Action                   |  1- 3 |  4- 6 |  7- 9 || total
-------------------------+-------+-------+-------++-------
Melee: Dagger            |    12 |    14 |       ||    26
       Rapier            |       |     2 |     3 ||     5
 Cast: Ensorcelled Hiber |       |     3 |     7 ||    10
  Use: Potion            |     1 |     2 |       ||     3
 Stab: Sleeping          |     5 |     2 |     2 ||     9
       Invisible         |       |     3 |       ||     3
Armor: Robe              |       |     1 |       ||     1
Dodge: Dodged            |     3 |     8 |     2 ||    13

Table legend: (Time is in decaauts)
 A = Elapsed time spent in this place.
 B = Non-inter-level travel time spent in this place.
 C = Inter-level travel time spent in this place.
 D = Time resting spent in this place.
 E = Time spent auto-exploring this place.
 F = Levels seen in this place.
 G = Mean time per level.
                   A        B        C        D        E       F      G
               +--------+--------+--------+--------+--------+-----+--------+
         Total |    645 |    645 |      0 |    391 |     56 |   1 |  645.0 |
       Dungeon |    645 |    645 |      0 |    391 |     56 |   1 |  645.0 |
               +--------+--------+--------+--------+--------+-----+--------+

Top non-repeatable levels by time:
       D: 645 daAuts
